 Dungeon Sprint DCSS version 0.28-a0-1387-g3a22ab9bdc (webtiles) character file.

Game seed: 14476013628196877278

7110 mhtbhm the Bludgeoner (level 11, -6/124 HPs)
             Began as a Gargoyle Berserker on Jan 2, 2022.
             Was a High Priest of Trog.
             Shot with an arrow by a deep elf master archer (18 damage)
             ... in the Dungeon (Sprint II: "The Violet Keep of Menkaure").
             The game lasted 00:05:22 (2848 turns).

mhtbhm the Bludgeoner (Gargoyle Berserker)          Turns: 2848, Time: 00:05:23

Health: -6/124     AC: 26    Str: 24    XL:     11   Next: 10%
Magic:  11/11      EV: 11    Int:  9    God:    Trog [*****.]
Gold:   743        SH:  0    Dex:  9    Spells: 10/10 levels left

rFire   + . .      SeeInvis .   a - +0 mace
rCold   + + .      Faith    .   (no shield)
rNeg    + . .      Spirit   .   b - +1 chain mail "Loreqya" {-Cast Rampage rC++}
rPois   ∞          Reflect  .   (no helmet)
rElec   +          Harm     .   w - +2 cloak
rCorr   .          Rampage  +   x - +0 pair of gloves
Will    .....      NoTele   +   (no boots)
Stlth   .......... NoCast   +   (no amulet)
HPRegen 0.30/turn               i - ring of protection from fire
MPRegen 0.12/turn               j - ring of flight

@: berserking, flying, very quick
A: sickness immunity, AC +8, negative energy resistance 1, electricity
resistance, torment resistance 1, petrification resistance
a: Renounce Religion, Berserk, Trog's Hand, Brothers in Arms


You were in the Dungeon.
You worshipped Trog.
Trog was extremely pleased with you.
You visited 1 branch You collected 1466 gold pieces.
You spent 723 gold pieces at shops.

Inventory:

Hand Weapons
 a - a +0 mace (weapon)
 y - a +1 vampiric hand axe
Armour
 b - the +1 chain mail "Loreqya" (worn) {-Cast Rampage rC++}
   (You bought it in a shop in the Dungeon)

   rC:        It greatly protects you from cold.
   -Cast:     It prevents spellcasting.
   Rampage:   It bestows one free step when moving towards enemies.
 w - a +2 cloak (worn)
 x - a +0 pair of gloves (worn)
 z - a +0 buckler
Jewellery
 i - a ring of protection from fire (left hand)
 j - a ring of flight (right hand)
 t - a ring of fire
Scrolls
 h - a scroll of blinking
 k - a scroll of silence {unknown}
 m - 4 scrolls of identify {unknown}
 n - a scroll of vulnerability {unknown}
 q - 2 scrolls of amnesia {unknown}
 r - a scroll of magic mapping {unknown}
 s - 2 scrolls of brand weapon {unknown}
 u - 3 scrolls of immolation {unknown}
Potions
 c - a potion of curing
 e - 2 potions of haste
 f - 5 potions of magic
 g - a potion of berserk rage
 l - 2 potions of lignification {unknown}
 o - a potion of brilliance {unknown}
 p - 3 potions of resistance {unknown}
 v - 6 potions of flight {unknown}


   Skills:
 + Level 16.2 Fighting
 + Level 16.3 Maces & Flails
 + Level 12.3 Armour
 + Level 8.5 Dodging
 + Level 3.7 Stealth


You had 10 spell levels left.
You didn't know any spells.
Your spell library was empty.

Dungeon Overview and Level Annotations

Branches:
Dungeon (1/1)

Altars:
Cheibriados
Dithmenos
Elyvilon
Fedhas
Gozag
Hepliaklqana
Kikubaaqudgha
Makhleb
Nemelex Xobeh
Okawaru
Qazlal
Ru
Sif Muna
Trog
Uskayaw
Vehumet
Wu Jian
Xom
Yredelemnul
Zin
The Shining One
Beogh
Jiyva
Lugonu

Shops:
D [!::=[=!?[[[?(!

Annotations:
D exclusions: oklob plant and orange crystal statue


Innate Abilities, Weirdness & Mutations

You are immune to sickness and miasma.
Your stone body is resilient. (AC +8)
You are immune to poison.
You resist negative energy. (rN+)
You are resistant to electric shocks. (rElec)
You are resistant to unholy torment.
You are immune to petrification.


Message History

You start resting.
You recover from your berserk rage.
You start resting.
You start resting.
HP restored.
There is an open door here.
The deep elf master archer shouts!
The deep elf master archer shoots an arrow.
The arrow hits you!!
The deep elf master archer shoots an arrow.
The arrow closely misses you.
The deep elf master archer shoots an arrow.
The arrow closely misses you.
You rampage towards the deep elf master archer!
You hit the deep elf master archer.
The deep elf master archer is lightly wounded.
The deep elf master archer shoots an arrow.
The arrow hits you!!
The deep elf master archer shoots an arrow.
The arrow hits you!
* * * LOW HITPOINT WARNING * * *
A red film seems to cover your vision as you go berserk!
You feel yourself moving faster!
You feel mighty!
The deep elf master archer shoots an arrow.
The arrow hits you.
* * * LOW HITPOINT WARNING * * *
The deep elf master archer shoots an arrow.
The arrow hits you!
* * * LOW HITPOINT WARNING * * *
You sock the deep elf master archer!
The deep elf master archer is lightly wounded.
The deep elf master archer shoots an arrow.
The arrow hits you!
* * * LOW HITPOINT WARNING * * *
Unknown command.
You sock the deep elf master archer!
The deep elf master archer is moderately wounded.
The deep elf master archer shoots an arrow.
The arrow hits you!!
You die...

▓▓▓ ..▓ ▓▓+▓▓▓▓.▓ ##++##
+..°▓0..▓ # ##§§..### #○..▓▓▓▓▓
≈## #e@§§...###○.°▓§≈≈≈ ###≈≈#++
++ ####..^.#.##"°▓▓▓▓▓ ##≈≈≈...
.. #..'....#..#=)▓(([)
.#≈≈≈≈.##+# ..#..####.#..#)[▓(...
.#≈≈≈≈###.###.####..†.##.#}[▓((.)
.#≈≈≈≈#..#..# ...#..#†^.####▓(.))
.#≈≈####.#.####..#####^^##.#▓..).
.#≈##.###'###.##..#..'..#..#▓.).)
∩#≈#...##.##.#.#..#..#^.#..#▓..(.


You could see a deep elf master archer.

Vanquished Creatures
  A kraken (D)
  A crystal guardian (D)
  A fire dragon (D)
  2 death drakes (D)
  2 slime creatures (D)
  A merfolk siren (D)
  A polar bear (D)
  A hornet (D)
  4 wyverns (D)
  Menkaure (D)
  4 water moccasins (D)
  2 swamp drakes (D)
  4 necrophages (D)
  4 scorpions (D)
  4 tentacles (D)
33 creatures vanquished.

Vanquished Creatures (collateral kills)
  A yaktaur (D)
  2 polar bears (D)
  A blink frog (D)
4 creatures vanquished.

Vanquished Creatures (others)
  8 tentacles (D)
8 creatures vanquished.

Grand Total: 45 creatures vanquished

Notes
Turn   | Place    | Note
-------+----------+-------------------------------------------
     0 | D        | mhtbhm the Gargoyle Berserker began the quest for the Orb.
     0 | D        | Reached XP level 1. HP: 14/14 MP: 1/1
     1 | D        | Noticed a scorpion
     1 | D        | Noticed a scorpion
     1 | D        | Noticed a scorpion
     1 | D        | Noticed a scorpion
     7 | D        | Killed a scorpion
     8 | D        | Reached skill level 5 in Maces & Flails
     8 | D        | Reached XP level 2. HP: 22/22 MP: 2/2
     8 | D        | Reached XP level 3. HP: 27/27 MP: 3/3
     8 | D        | Reached XP level 4. HP: 32/32 MP: 4/4
    12 | D        | Killed a scorpion
    13 | D        | Reached XP level 5. HP: 31/38 MP: 5/5
    15 | D        | Reached ** piety under Trog
    19 | D        | Reached XP level 6. HP: 16/45 MP: 6/6
   200 | D        | Noticed a merfolk siren
   209 | D        | Killed a merfolk siren
   210 | D        | Reached skill level 10 in Fighting
   210 | D        | Reached skill level 10 in Maces & Flails
   210 | D        | Reached skill level 5 in Armour
   210 | D        | Reached XP level 7. HP: 53/53 MP: 7/7
   278 | D        | Noticed a wyvern
   278 | D        | Noticed a wyvern
   287 | D        | Killed a wyvern
   295 | D        | Killed a wyvern
   295 | D        | Reached *** piety under Trog
   296 | D        | Reached skill level 5 in Dodging
   296 | D        | Reached XP level 8. HP: 27/60 MP: 8/8
   520 | D        | Reached **** piety under Trog
   575 | D        | Found Woannoko's Distillery.
   576 | D        | Found Guzxal's Antique Weapon Boutique.
   576 | D        | Found Raodd's Antique Armour Shop.
   576 | D        | Found Zyholewk's Magic Scroll Shop.
   576 | D        | Found Xajemm's Armour Boutique.
   576 | D        | Found Zilifor's Antique Armour Boutique.
   576 | D        | Found Feakkeb's Distillery.
   576 | D        | Found Homeq's Magic Scroll Shop.
   577 | D        | Found Doanac's Jewellery Shop.
   577 | D        | Found Xucylohiun's Antique Armour Boutique.
   577 | D        | Noticed a hell hog
   595 | D        | Noticed a blink frog
   791 | D        | Found Jyas's Jewellery Shop.
   791 | D        | Found Wom Zob's Book Boutique.
   791 | D        | Noticed Menkaure
   791 | D        | Noticed an oklob plant
   792 | D        | Noticed a hell hog
   792 | D        | Found Zorabafu's Distillery.
   792 | D        | Found Ikufocw's Antique Armour Boutique.
   792 | D        | Found Awiy's Book Shoppe.
   808 | D        | Killed Menkaure
   819 | D        | Bought a steaming chain mail for 171 gold pieces
   819 | D        | Identified the +1 chain mail "Loreqya" {-Cast Rampage rC++}
                  | (You bought it in a shop in the Dungeon)
   827 | D        | Noticed a cane toad
   829 | D        | Noticed a cane toad
   836 | D        | Bought a ring of protection from fire for 325 gold pieces
   836 | D        | Bought a ring of flight for 227 gold pieces
   915 | D        | Found an iron altar of Okawaru.
   915 | D        | Found a radiant altar of Vehumet.
   915 | D        | Found a glowing silver altar of Zin.
   922 | D        | Noticed an orange crystal statue
   926 | D        | Found a glowing golden altar of the Shining One.
   926 | D        | Found a basalt altar of Yredelemnul.
   927 | D        | Found a shimmering altar of Xom.
   927 | D        | Found a bloodstained altar of Trog.
   927 | D        | Found a hide-covered altar of Uskayaw.
   927 | D        | Found a burning altar of Makhleb.
   933 | D        | Found an ornate altar of the Wu Jian Council.
   933 | D        | Found a shimmering blue altar of Sif Muna.
   933 | D        | Found a corrupted altar of Lugonu.
   933 | D        | Found a sparkling altar of Nemelex Xobeh.
   933 | D        | Found a blossoming altar of Fedhas.
   934 | D        | Found a sacrificial altar of Ru.
   934 | D        | Found an ancient bone altar of Kikubaaqudgha.
   934 | D        | Found a white marble altar of Elyvilon.
   935 | D        | Found an opulent altar of Gozag.
   939 | D        | Found a viscous altar of Jiyva.
   939 | D        | Found a shadowy altar of Dithmenos.
   939 | D        | Found a stormy altar of Qazlal.
   942 | D        | Noticed a polar bear
   942 | D        | Noticed a polar bear
   945 | D        | Noticed a polar bear
   947 | D        | Noticed a yaktaur
   950 | D        | Noticed a hornet
   963 | D        | Killed a polar bear
   975 | D        | Killed a hornet
   975 | D        | Reached ***** piety under Trog
   976 | D        | Reached XP level 9. HP: 67/68 MP: 9/9
   986 | D        | Killed a polar bear
   987 | D        | Killed a polar bear
   988 | D        | Reached skill level 1 in Stealth
   988 | D        | Killed a yaktaur
  1165 | D        | Found a snail-covered altar of Cheibriados.
  1194 | D        | Noticed a kraken
  1436 | D        | Killed a kraken
  1437 | D        | Reached skill level 15 in Maces & Flails
  1437 | D        | Reached XP level 10. HP: 37/76 MP: 10/10
  1718 | D        | Found a hazy altar of Hepliaklqana.
  1861 | D        | Noticed a death drake
  1892 | D        | Killed a death drake
  1893 | D        | Reached skill level 15 in Fighting
  2096 | D        | Noticed a crystal guardian
  2116 | D        | Killed a crystal guardian
  2117 | D        | Reached skill level 10 in Armour
  2118 | D        | Noticed a death drake
  2177 | D        | Killed a death drake
  2564 | D        | Reached XP level 11. HP: 55/83 MP: 11/11
  2686 | D        | Noticed a deep elf master archer
  2689 | D        | Noticed a fire dragon
  2706 | D        | Killed a fire dragon
  2848 | D        | Shot with an arrow by a deep elf master archer

Illustrated notes

Levels and vault maps discovered:
D:        the_violet_keep_of_menkaure [sprint2_stairs_cluster_1,
          sprint2_shoproom, sprint2_temple, sprint2_basic_supplies,
          sprint2_obstacle_1, sprint2_obstacle_4, sprint2_obstacle_3,
          sprint2_obstacle_7, sprint2_obstacle_6, sprint2_timed_cluster_1,
          sprint2_smallroom_cluster_1, sprint2_smallroom_final_cluster_1,
          sprint2_transparent_cluster_1, sprint2_second_timed_cluster_1,
          sprint2_sniper_area_1, sprint2_heavy_combat_area_1,
          sprint2_mutation_trap_area_1, sprint2_forest_area_1,
          sprint2_light_combat_area_1, sprint2_behind_water_1,
          sprint2_near_end_vault_1]

Skill      XL: |  1  2  3  4  5  6  7  8  9 10 11 |
---------------+----------------------------------+-----
Fighting       | 6 7 8 10 11 13 14 15 16 | 16.2
Maces & Flails | 5 6 8 10 11 13 15 16 | 16.3
Armour         | 3 4 5 6 8 11 12 | 12.3
Dodging        | 2 3 4 5 6 7 8 |  8.5
Stealth        | 2 3 |  3.7

Action                   |  1- 3 |  4- 6 |  7- 9 | 10-12 || total
-------------------------+-------+-------+-------+-------++-------
Melee: Mace              |     4 |    16 |   119 |   185 ||   324
Invok: Berserk           |     1 |     1 |     4 |     6 ||    12
       Brothers in Arms  |       |       |     1 |       ||     1
  Use: Potion            |       |       |       |     1 ||     1
 Stab: Distracted        |       |       |       |     1 ||     1
Armor: Animal skin       |       |     2 |    15 |       ||    17
       Chain mail        |       |       |    42 |    71 ||   113
Dodge: Dodged            |     2 |     2 |    56 |    68 ||   128

Table legend: (Time is in decaauts)
 A = Elapsed time spent in this place.
 B = Non-inter-level travel time spent in this place.
 C = Inter-level travel time spent in this place.
 D = Time resting spent in this place.
 E = Time spent auto-exploring this place.
 F = Levels seen in this place.
 G = Mean time per level.
                   A        B        C        D        E       F      G
               +--------+--------+--------+--------+--------+-----+--------+
         Total |   2859 |   2859 |      0 |   2090 |      0 |   1 | 2859.0 |
       Dungeon |   2859 |   2859 |      0 |   2090 |      0 |   1 | 2859.0 |
               +--------+--------+--------+--------+--------+-----+--------+

Top non-repeatable levels by time:
       D: 2859 daAuts
